 Dungeon Crawl Stone Soup version 0.29.1-15-g9cfb28693d (webtiles) character file.

Game seed: 981267407563719635

4 croobank the Insei (level 1, -1/13 HPs)
             Began as an Octopode Transmuter on Mar 8, 2023.
             Slain by a hobgoblin
             ... wielding a +0 spear
              (4 damage)
             ... on level 1 of the Dungeon.
             The game lasted 00:00:21 (319 turns).

croobank the Insei (Octopode Transmuter)             Turns: 319, Time: 00:00:22

Health: -1/13      AC:  1    Str:  9    XL:     1   Next: 60%
Magic:  1/3        EV: 13    Int: 15    God:
Gold:   17         SH:  0    Dex: 12    Spells: 3/4 levels left

rFire   . . .      SeeInvis .     - Unarmed
rCold   . . .      Faith    .   (no shield)
rNeg    . . .      Spirit   .   (helmet currently unavailable)
rPois   .          Reflect  .   (no amulet)
rElec   .          Harm     .   (no ring)
rCorr   .          Rampage  .   (no ring)
Will    .....                   (no ring)
Stlth   ++........              (no ring)
HPRegen 0.04/turn               (no ring)
MPRegen 0.08/turn               (no ring)
                                (no ring)
                                (no ring)

@: appendages (expiring)
A: tentacle spike 3, almost no armour, amphibious, 8 rings, camouflage 1,
gelatinous body 1, (nimble swimmer 1), tentacles
a: End Transformation


You were on level 1 of the Dungeon.
One of your tentacles had grown a beastly spike.
You visited 1 branch of the dungeon, and saw 1 of its levels.

You collected 17 gold pieces.

Inventory:

Potions
 a - a potion of lignification


   Skills:
 + Level 1.1 Fighting
 + Level 2.0 Dodging
 + Level 3.0 Unarmed Combat
 + Level 2.0 Spellcasting
 + Level 2.0 Transmutations


You had 3 spell levels left.
You knew the following spells:

 Your Spells              Type           Power      Damage    Failure   Level
a - Beastly Appendage     Tmut           14%        N/A       10%         1

Your spell library contained the following spells:

 Spells                   Type           Power      Damage    Failure   Level
 Wereblood                Tmut           7%         N/A       14%         2
 Spider Form              Tmut/Pois      4%         N/A       41%         3
 Ice Form                 Ice/Tmut       4%         N/A       82%         4


Dungeon Overview and Level Annotations

Branches:
Dungeon (1/15)

Altars:


Innate Abilities, Weirdness & Mutations

One of your tentacles has grown a beastly spike.
You cannot wear most types of armour.
You are amphibious.
You can wear up to eight rings at the same time.
Your skin changes colour to match your surroundings (Stealth+).
Your rubbery body absorbs attacks. (AC +1, EV +1)
((You are camouflaged when in or above water. (Stealth+)))
You have tentacles for arms and can constrict up to eight enemies at once.


Message History

Your tentacle spike disappears.
Magic restored.
HP restored.
Things that are here:
a giant cockroach corpse; a bat corpse A kobold comes into view.
It is wielding a +0 short sword.
The kobold shouts!
The kobold moves out of view.
A frilled lizard comes into view.
Casting: Beastly Appendage (safe; 10% risk of failure)
Confirm with . or Enter, or press ? or * to list all spells.
One of your tentacles grows a vicious spike.
The frilled lizard hisses angrily.
Casting: Beastly Appendage (safe; 10% risk of failure)
Confirm with . or Enter, or press ? or * to list all spells.
You extend your transformation's duration.
A hobgoblin comes into view. It is wielding a +0 spear.
The kobold hits you with a +0 short sword.
The hobgoblin shouts!
You tentacle-slap the kobold but do no damage.
Your grab misses the kobold. You squeeze the kobold.
You kill the kobold!
A bat comes into view.
You miss the frilled lizard. You grab the frilled lizard.
You pierce the frilled lizard.
You kill the frilled lizard!
The hobgoblin closely misses you. The bat closely misses you.
You see here a +0 short sword.
You tentacle-slap the bat.
You kill the bat!
A bat comes into view.
The hobgoblin hits you from afar with a +0 spear!
Ouch! That really hurt!
* * * LOW HITPOINT WARNING * * *
You are too injured to fight recklessly!
You are too injured to fight recklessly!
You are too injured to fight recklessly!
Your transformation is almost over.
The hobgoblin hits you with a +0 spear.
You die...

### ... ### .... ..#
..... #.# .....##.#
........# .....bg.#
.......@###########
..#####.).........#
###########.# #.# #†#
#.# ### #.#
####..#########.###
###.....#...........#


You could see a hobgoblin and a bat.

Vanquished Creatures
  A giant cockroach (D:1)
  2 bats (D:1)
  A frilled lizard (D:1)
  A kobold (D:1)
5 creatures vanquished.

Notes
Turn   | Place    | Note
-------+----------+-------------------------------------------
     0 | D:1      | croobank the Octopode Transmuter began the quest for the
                  | Orb.
     0 | D:1      | Reached XP level 1. HP: 13/13 MP: 3/3
   319 | D:1      | Slain by a hobgoblin

Illustrated notes

Levels and vault maps discovered:
D:1:      dpeg_cavernosity, layout_basic

Action                   || total
-------------------------++-------
Melee: Unarmed           ||    11
       Constrict         ||     3
       Kick              ||     1
       Tentacles         ||     1
 Cast: Beastly Appendage ||     3
 Stab: Sleeping          ||     1
Armor: Skin              ||     1
Dodge: Dodged            ||     4
